 Dungeon Crawl Stone Soup version 0.25.1-2-g60ff931df9 (webtiles) character file.

Game seed: 9190061512019487150

11551 Desymo99 the Cleaver (level 11, 0/101 HPs)
             Began as a Minotaur Berserker on Oct 19, 2020.
             Was a High Priest of Trog.
             Slain by Sonja
             ... wielding a +0 short sword of distortion
              (12 damage)
             ... on level 11 of the Dungeon.
             The game lasted 00:27:02 (8787 turns).

Desymo99 the Cleaver (Minotaur Berserker)           Turns: 8787, Time: 00:27:02

Health: 0/101      AC: 16    Str: 24    XL:     11   Next: 50%
Magic:  10/10      EV: 16    Int:  8    God:    Trog [*****.]
Gold:   562        SH:  0    Dex: 13    Spells: 10/10 levels left

rFire    x . .     SeeInvis .   a - +6 war axe of Idak {flame, rPois rF- rN+++ Dex-2}
rCold    x . .     Gourm    .   (no shield)
rNeg     + + +     Faith    .   G - +3 ring mail of the Desolation of Salt {rC- MR+ Int+2}
rPois    +         Spirit   .   (helmet restricted)
rElec    .         Reflect  .   F - +2 cloak {rCorr}
rCorr    +         Harm     .   Q - +1 pair of gloves
MR       +....                  (no boots)
Stlth    ++........             D - amulet of regeneration
HPRegen  0.66/turn              u - +6 ring of dexterity
MPRegen  0.12/turn              q - ring of stealth

@: lethally poisoned (0 -> 0), slowed, very slow
A: retaliatory headbutt, horns 2
a: Berserk, Trog's Hand, Brothers in Arms, Renounce Religion


You were on level 11 of the Dungeon.
You worshipped Trog.
Trog was extremely pleased with you.
You were not hungry.

You visited 1 branch of the dungeon, and saw 11 of its levels.

You collected 562 gold pieces.

Inventory:

Hand Weapons
 a - the +6 war axe of Idak (weapon) {flame, rPois rF- rN+++ Dex-2}
   (Trog gifted it to you on level 8 of the Dungeon)

   It has been specially enchanted to burn those struck by it, causing extra
   injury to most foes and up to half again as much damage against particularly
   susceptible opponents.
   Big, fiery blades are also staple armaments of hydra-hunters.
   It affects your dexterity (-2).
   It makes you vulnerable to fire.
   It protects you from poison.
   It renders you almost immune to negative energy.
 b - a +6 war axe of freezing
Missiles
 l - 32 poisoned darts (quivered)
Armour
 F - a +2 cloak of preservation (worn)
 G - the +3 ring mail of the Desolation of Salt (worn) {rC- MR+ Int+2}
   (You found it on level 7 of the Dungeon)

   It affects your intelligence (+2).
   It makes you vulnerable to cold.
   It affects your resistance to hostile enchantments.
 Q - a +1 pair of gloves (worn)
Jewellery
 q - a ring of stealth (right hand)
 u - a +6 ring of dexterity (left hand)
 y - the ring "Isodolo" {+Fly rF- Int+4 Dex+5}
   (You found it on level 4 of the Dungeon)

   [ring of flight]

   It affects your intelligence (+4).
   It affects your dexterity (+5).
   It makes you vulnerable to fire.
   It lets you fly.
 A - an uncursed ring of magical power
 D - an amulet of regeneration (around neck)
 L - an uncursed ring of resist corrosion
 P - a +4 ring of protection
Wands
 n - a wand of random effects (26)
 p - a wand of flame (22)
 s - a wand of disintegration (35)
 C - a wand of paralysis (5)
Scrolls
 f - 9 scrolls of remove curse
 h - a scroll of fear
 k - 4 scrolls of enchant armour
 r - 2 scrolls of fog
 t - 2 scrolls of immolation
 w - a scroll of teleportation
 J - 3 scrolls of identify
 M - a scroll of noise {unknown}
 N - a scroll of enchant weapon
 O - a scroll of magic mapping {unknown}
Potions
 d - a potion of ambrosia {unknown}
 e - 3 potions of haste {unknown}
 g - 5 potions of might
 i - 2 potions of curing
 j - 2 potions of flight {unknown}
 m - a potion of invisibility {unknown}
 v - 2 potions of berserk rage {unknown}
 x - 6 potions of stabbing
 z - a potion of resistance {unknown}
 B - a potion of lignification {unknown}
 E - 2 potions of cancellation
 H - 2 potions of heal wounds {unknown}
 I - 2 potions of magic {unknown}
 K - a potion of degeneration {unknown}
Comestibles
 c - 26 rations


   Skills:
 + Level 10.5 Fighting
 * Level 13.8 Axes
 + Level 10.2 Armour
 + Level 9.2 Dodging


You had 10 spell levels left.
You didn't know any spells.
Your spell library was empty.

Dungeon Overview and Level Annotations

Branches:
Dungeon (11/15)            Temple (0/1) D:7            Lair (0/6) D:10
    Orc (0/2) D:10

Altars:
Makhleb
Nemelex Xobeh
Qazlal
Ru
Vehumet
Wu Jian

Shops:
D:4 ?*(:   D:5 ?   D:10 [(

Annotations:
D:5 1 runed translucent door, Ivernyr's ghost, novice HuIE
D:11 Sonja


Innate Abilities, Weirdness & Mutations

You reflexively headbutt those who attack you in melee.
You have a pair of horns on your head.


Message History

You completely miss the gnoll sergeant.
The gnoll sergeant is severely wounded.
You slash the gnoll! You burn the gnoll.
You kill the gnoll!
Trog accepts your kill.
You feel sick. The gnoll misses you.
The gnoll sergeant completely misses you.
Sonja zaps a wand.
You resist with almost no effort. The gnoll hits you but does no damage.
You hit the gnoll sergeant. You burn the gnoll sergeant.
The gnoll sergeant is almost dead.
You feel sick.
The gnoll sergeant hits you with a +3 vampiric trident.
* * * LOW HITPOINT WARNING * * *
The gnoll completely misses you. The gnoll barely misses you.
Sonja closely misses you.
Sonja hits you with a +0 short sword of distortion.
* * * LOW HITPOINT WARNING * * *
Space warps horribly around you!
You die...

#...............
.........<......
#...........5...
#..............#
#..............#
#..............#
#####gg...))).[....#
......§)g.)).......#
#.)@K..........#
#((....).......#####
#...(.5.....†.......
#...................
#........(..........
#...................
#...................
....................
#...................


You could see Sonja, a gnoll sergeant, 2 gnolls and a crimson imp.

Vanquished Creatures
  Erolcha (D:9)
  A two-headed ogre (D:10)
  A manticore (D:9)
  Psyche (D:8)
  Joseph (D:10)
  2 trolls (D:10)
  Prince Ribbit (D:5)
  A hippogriff (D:10)
  A vampire (D:8)
  A wyvern (D:9)
  4 hogs (D:10)
  A steam dragon (D:9)
  3 yaks (D:10)
  A human (D:10)
  3 hungry ghosts
  Menkaure (D:6)
  5 porcupines (D:10)
  A water moccasin (D:8)
  4 orc warriors
  2 phantoms
  2 sky beasts
  4 ice beasts
  2 black bears
  2 necrophages
  2 eyes of draining (D:10)
  4 ogres
  5 centaurs
  3 crocodiles
  2 big kobolds
  9 bullfrogs
  7 scorpions
  7 killer bees (D:9)
  A wight (D:9)
  2 howler monkeys
  7 crimson imps
  2 bullfrog zombies
  4 jellies
  A quasit (D:11)
  Crazy Yiuf (D:4)
  6 orc priests
  A hound (D:7)
  7 orc wizards
  A centaur skeleton (D:6)
  An iguana (D:7)
  9 worker ants
  A hound zombie (D:10)
  A hound skeleton (D:9)
  2 worker ant zombies
  Robin (D:3)
  A howler monkey skeleton (D:7)
  13 adders
  9 gnolls
  4 shadow imps
  An ooze (D:4)
  3 adder skeletons
  6 worms
  2 dart slugs
  6 leopard geckos
  49 orcs
  A ball python (D:3)
  11 bats
  9 giant cockroaches
  25 goblins
  19 hobgoblins
  10 jackals
  16 kobolds
  2 quokkas
  8 frilled lizards
  2 quokka skeletons
  9 rats
  9 fungi (D:10)
  6 plants (D:10)
354 creatures vanquished.

Vanquished Creatures (others)
  3 fungi (D:10)
  3 plants (D:10)
6 creatures vanquished.

Grand Total: 360 creatures vanquished

Notes
Turn   | Place    | Note
-------+----------+-------------------------------------------
     0 | D:1      | Desymo99 the Minotaur Berserker began the quest for the
                  | Orb.
     0 | D:1      | Reached XP level 1. HP: 19/19 MP: 0/0
   133 | D:1      | Reached XP level 2. HP: 25/27 MP: 1/1
   155 | D:1      | Reached skill level 4 in Axes
   417 | D:1      | Reached ** piety under Trog
   507 | D:1      | Reached XP level 3. HP: 31/33 MP: 2/2
  1299 | D:2      | Found a sacrificial altar of Ru.
  1303 | D:2      | Reached XP level 4. HP: 40/40 MP: 3/3
  1622 | D:2      | Reached skill level 5 in Axes
  2092 | D:2      | Found a stormy altar of Qazlal.
  2334 | D:3      | Reached XP level 5. HP: 47/47 MP: 4/4
  2405 | D:3      | Reached *** piety under Trog
  2476 | D:3      | Noticed Robin
  2490 | D:3      | Killed Robin
  2960 | D:4      | Found Nepsy's General Store.
  2960 | D:4      | Found Weyfias's Magic Scroll Boutique.
  2961 | D:4      | Found Bysaokk's Book Boutique.
  2961 | D:4      | Found Gocoinie's Weapon Boutique.
  2987 | D:4      | Got a warped bronze ring
  3001 | D:4      | Reached XP level 6. HP: 54/55 MP: 5/5
  3066 | D:4      | Reached skill level 6 in Axes
  3089 | D:4      | Reached skill level 5 in Fighting
  3105 | D:4      | Identified the ring "Isodolo" {+Fly rF- Int+4 Dex+5} (You
                  | found it on level 4 of the Dungeon)
  3201 | D:4      | Found a runed translucent door.
  3202 | D:4      | Noticed Crazy Yiuf
  3789 | D:4      | Killed Crazy Yiuf
  3789 | D:4      | Reached XP level 7. HP: 61/61 MP: 6/6
  3897 | D:5      | Entered Level 5 of the Dungeon
  4057 | D:5      | Reached skill level 7 in Axes
  4057 | D:5      | Reached skill level 5 in Armour
  4131 | D:5      | Found a sparkling altar of Nemelex Xobeh.
  4169 | D:5      | Reached **** piety under Trog
  4222 | D:5      | Found Rufoerumee's Magic Scroll Shoppe.
  4318 | D:5      | Noticed Prince Ribbit
  4328 | D:5      | Killed Prince Ribbit
  4328 | D:5      | Reached skill level 5 in Dodging
  4328 | D:5      | Reached XP level 8. HP: 64/70 MP: 7/7
  4356 | D:5      | Reached skill level 8 in Axes
  4424 | D:5      | Found a runed translucent door.
  4427 | D:5      | Noticed Ivernyr's ghost (novice HuIE)
  5074 | D:6      | Found a radiant altar of Vehumet.
  5078 | D:6      | Noticed Menkaure
  5079 | D:6      | You fall into a shaft and drop 2 floors!
  5100 | D:8      | Reached skill level 9 in Axes
  5114 | D:7      | Found a staircase to the Ecumenical Temple.
  5336 | D:7      | Got a smelly ring mail
  5346 | D:7      | Identified the +3 ring mail of the Desolation of Salt {rC-
                  | MR+ Int+2} (You found it on level 7 of the Dungeon)
  5407 | D:6      | Reached XP level 9. HP: 79/79 MP: 8/8
  5470 | D:6      | Found a burning altar of Makhleb.
  5577 | D:6      | Reached ***** piety under Trog
  5746 | D:6      | Killed Menkaure
  5746 | D:6      | Reached skill level 10 in Axes
  6395 | D:8      | Received a gift from Trog
  6398 | D:8      | Got a crystal war axe {god gift}
  6399 | D:8      | Identified the +6 war axe of Idak {flame, rPois rF- rN+++
                  | Dex-2} (Trog gifted it to you on level 8 of the Dungeon)
  6413 | D:8      | Found an ornate altar of the Wu Jian Council.
  6413 | D:8      | Noticed Psyche
  6427 | D:8      | Killed Psyche
  6432 | D:8      | Reached skill level 11 in Axes
  7035 | D:9      | Reached XP level 10. HP: 90/90 MP: 9/9
  7173 | D:9      | Noticed a manticore
  7186 | D:9      | Killed a manticore
  7393 | D:9      | Noticed Erolcha
  7417 | D:9      | Killed Erolcha
  7417 | D:9      | Reached skill level 12 in Axes
  7787 | D:10     | Entered Level 10 of the Dungeon
  7838 | D:10     | Found a staircase to the Lair.
  8022 | D:10     | Noticed Joseph
  8032 | D:10     | Reached XP level 11. HP: 61/99 MP: 10/10
  8047 | D:10     | Reached skill level 13 in Axes
  8061 | D:10     | Killed Joseph
  8061 | D:10     | Reached skill level 10 in Fighting
  8090 | D:10     | Found Wentosom's Weapon Shoppe.
  8090 | D:10     | Found a staircase to the Orcish Mines.
  8137 | D:10     | Found Haisim's Armour Shoppe.
  8367 | D:10     | Noticed a two-headed ogre
  8373 | D:10     | Killed a two-headed ogre
  8536 | D:10     | Reached skill level 10 in Armour
  8644 | D:10     | Received a gift from Trog
  8772 | D:11     | Noticed Sonja
  8787 | D:11     | Slain by Sonja

Illustrated notes

Levels and vault maps discovered:
D:1:      dpeg_arrival_connections, layout_loops_ring, roderic_serpentine_path,
          grunt_decor_resistance
D:2:      layout_rooms, nicolae_overflow_crystal_walls,
          nicolae_ru_great_annihilating_truth
D:3:      layout_rooms, uniq_robin
D:4:      layout_loops_ring, first_ration, minmay_shop_grid_forest,
          uniq_crazy_yiuf_cottage
D:5:      layout_loops_ring, nemelex_xobeh_ov_fountains_minmay,
          ebering_ghost_sewer_d, serial_shops, shop, uniq_prince_ribbit1
D:6:      corexii_shantytown, layout_loops_cross, bloody_makhleb,
          vehumet_crystals, kennysheep_dice, uniq_menkaure
D:7:      layout_basic, minmay_temple_entry_hall
D:8:      layout_loops_ring, lemuel_round_altar, uniq_psyche
D:9:      minmay_opposing_rooms, layout_basic, uniq_erolcha
D:10:     layout_rooms, due_lair_maze_entry_diamond, orc_david_3,
          grunt_livestock, uniq_joseph
D:11:     layout_small_grid, lemuel_mausoleum_altar_kikubaaqudgha, uniq_harold,
          uniq_sonja, uniq_fannar

Skill      XL: |  1  2  3  4  5  6  7  8  9 10 11 |
---------------+----------------------------------+-----
Axes           | 4 5 6 7 9 11 12 13 | 13.8
Fighting       | 4 5 6 7 8 9 10 | 10.5
Armour         | 3 4 5 6 8 9 10 | 10.2
Dodging        | 3 4 5 6 7 8 9 |  9.2

Action                   |  1- 3 |  4- 6 |  7- 9 | 10-12 || total
-------------------------+-------+-------+-------+-------++-------
Melee: Hand axe          |    77 |   161 |   116 |       ||   354
       Headbutt          |     8 |    39 |    81 |    52 ||   180
       Trident           |       |       |   176 |       ||   176
       War axe           |       |       |    31 |   228 ||   259
Invok: Berserk           |       |     2 |     5 |     1 ||     8
  Use: Scroll            |       |       |    11 |     3 ||    14
 Stab: Paralysed         |       |     1 |       |       ||     1
       Sleeping          |       |       |       |     1 ||     1
  Eat: Chunk             |     1 |     9 |    16 |     7 ||    33
       Ration            |       |       |     1 |       ||     1
Armor: Leather armour    |    15 |    11 |       |       ||    26
       Animal skin       |     6 |       |       |       ||     6
       Chain mail        |       |    44 |       |       ||    44
       Plate armour      |       |       |    81 |       ||    81
       Ring mail         |       |       |    27 |    57 ||    84
Dodge: Dodged            |    45 |    76 |   114 |   165 ||   400
